 Dungeon Crawl Stone Soup version 0.31-a0-771-g505c3d19dc (webtiles) character file.

Game seed: 15083790932109079096

58559 Skeral the Brawler (level 14, -1/184 HPs)
             Began as a Troll Shapeshifter on Sept 16, 2023.
             Was the Champion of Wu Jian.
             Slain by a dire elephant simulacrum (42 damage)
             ... animated by a necromancer
             ... on level 5 of the Lair of Beasts.
             The game lasted 00:54:26 (15236 turns).

Skeral the Brawler (Troll Shapeshifter)            Turns: 15236, Time: 00:54:27

Health: -1/184     AC:  9    Str: 30    XL:     14   Next: 49%
Magic:  13/13      EV: 10    Int: 12    God:    Wu Jian [******]
Gold:   1733       SH:  0    Dex: 13    Spells: 13/13 levels left

rFire   . .          .
                       - Unarmed
rCold   . . .        (shield currently unavailable)
rNeg    . . .        s - melded +0 steam dragon scales
rPois   .            (helmet currently unavailable)
rElec   +            (cloak currently unavailable)
rCorr   .            (gloves unavailable)
SInv    +            (boots unavailable)
Will    +....        A - amulet of the acrobat
Stlth   +            v - ring of see invisible
HPRegen 1.30/turn    Q - ring "Nasuink" {rElec Int+6 Slay+2}
MPRegen 0.13/turn

%: acrobat
@: snake-form, slowed, very slow
A: constrict, boosted hp, large, unfitting armour, (claws 3), regeneration 1,
(shaggy fur 1), (tough skin 1)
a: Begin Untransformation, Renounce Religion, Wall Jump, Serpent's Lash,
Heavenly Storm


You were on level 5 of the Lair of Beasts.
You worshipped Wu Jian.
Wu Jian was exalted by your worship.
You were an enormous anaconda.
You visited 3 branches of the dungeon, and saw 16 of its levels.
You visited the Abyss 1 time.
You also visited: Ossuary and Ice Cave.

You collected 1733 gold pieces.


Innate Abilities, Weirdness & Mutations

You are an enormous anaconda.
You have a powerful constriction melee attack.
Your maximum health is increased.
Your armour is entirely melded.
You are incapable of wielding weapons or throwing items.
You are too large for most types of armour.
((You have claws for hands.))
Your natural rate of healing is unusually fast.
((You are covered in fur. (AC +1)))
((You have tough skin. (AC +1)))


   Skills:
 + Level 13.9 Fighting
 - Level 2.7 Throwing
 - Level 1.5 Dodging
 + Level 16.5 Unarmed Combat
 + Level 10.7 Shapeshifting


You had 13 spell levels left.
You didn't know any spells.
Your spell library contained the following spells:

 Spells                   Type           Power      Damage    Failure   Level
 Slow                     Hex            0%         N/A       32%         1
 Summon Small Mammal      Summ           0%         N/A       32%         1
 Sublimation of Blood     Necr           0%         N/A       45%         2
 Call Canine Familiar     Summ           0%         N/A       69%         3
 Confusing Touch          Hex            0%         N/A       69%         3
 Sigil of Binding         Hex            0%         N/A       69%         3
 Summon Guardian Golem    Hex/Summ       0%         N/A       69%         3
 Vampiric Draining        Necr           0%         2d6       69%         3
 Petrify                  Tmut/Erth      0%         N/A       97%         4
 Irradiate                Conj/Tmut      0%         3d11      100%        5

Inventory:

Missiles
 l - 14 throwing nets {=f!f}
 n - a curare-tipped dart {=f}
 r - 5 boomerangs
 y - 31 poisoned darts (quivered)
Armour
 s - +0 steam dragon scales (melded)
   (You found it on level 5 of the Dungeon)
 M - a +1 kite shield of cold resistance
   (You found it in an ice cave)
Jewellery
 c - a ring of ice
   (You found it in an ice cave)
 v - a ring of see invisible (left hand)
   (You found it on level 1 of the Dungeon)
 A - an amulet of the acrobat (around neck)
   (You found it on level 4 of the Lair of Beasts)
 N - a ring of positive energy
   (You found it in an ice cave)
 Q - the ring "Nasuink" (right hand) {rElec Int+6 Slay+2}
   (You found it in an ice cave)

   [ring of intelligence]

   Int+6:     It affects your intelligence (+6).
   Slay+2:    It affects your accuracy & damage with ranged weapons and melee
   (+2).
   rElec:     It insulates you from electricity.
Talismans
 d - a flux talisman
 G - a storm talisman
   (You found it on level 5 of the Lair of Beasts)
 J - a serpent talisman (active)
   (You found it on level 1 of the Lair of Beasts)
 O - a beast talisman
Wands
 w - a wand of roots (6)
   (You found it on level 6 of the Dungeon)
 C - a wand of quicksilver (5)
   (You took it off a spriggan on level 2 of the Lair of Beasts)
 E - a wand of polymorph (15)
   (You found it on level 9 of the Dungeon)
 I - a wand of charming (7)
   (You found it on level 10 of the Dungeon)
 K - a wand of digging (4)
   (You found it on level 2 of the Lair of Beasts)
Scrolls
 f - 2 scrolls of torment {!r}
 i - a scroll of butterflies
 j - 5 scrolls of teleportation {@r4}
 o - 2 scrolls of blinking {!r}
 p - 2 scrolls of silence {!r}
 q - 2 scrolls of revelation
 u - 2 scrolls of amnesia
 x - 2 scrolls of immolation {!r!r}
 z - 3 scrolls of vulnerability {!r!r}
 D - a scroll of fear
 F - 2 scrolls of enchant armour
Potions
 a - 2 potions of haste {@q3}
 b - 7 potions of lignification {!q}
 e - 2 potions of heal wounds {@q2}
 h - 3 potions of might
 k - 3 potions of brilliance
 m - 2 potions of mutation {!q}
 t - 5 potions of curing {@q1}
 B - a potion of invisibility
 H - 3 potions of enlightenment
 P - 11 potions of ambrosia
 R - a potion of attraction {!q}
Miscellaneous
 L - a phantom mirror
   (You found it on level 2 of the Lair of Beasts)

Dungeon Overview and Level Annotations

Branches:
Dungeon (10/15) Zot: 26323  Temple (1/1) D:5 Zot: 5961    Lair (5/5) D:10 Zot: 24885
 Shoals (0/4) Lair:2        Snake (0/4) Lair:2        Slime (0/5) Lair:5
    Orc (0/2) D:10        Ossuary (visited)           IceCv (visited)

Altars:
Ashenzari
Cheibriados
Dithmenos
Elyvilon
Fedhas
Gozag
Hepliaklqana
Kikubaaqudgha
Makhleb
Nemelex Xobeh
Okawaru
Qazlal
Ru
Sif Muna
Trog
Uskayaw
Vehumet
Wu Jian
Xom
Yredelemnul
Zin
The Shining One
Jiyva

Annotations:
D:10 exclusion: orange crystal statue
Lair:5 exclusion: obsidian statue

#p~≈≈~~#.#.#.....P#..
#..~≈~##.#........###
#...~#P.#..#.....#
##Y####.##..##..###
#8.8#P.P#♣..##..##
#.p.#.###..###...##
####..##.##....#.....#
#..'..#PZ#♣...###....###
##P.'..#S##♣.P## #....#..
#P..####Y# ♣..# #.......
#...p....# #♣.####....###
##(..'..######P.##P..#.# #
#...##8..).PP#♣..#....##
#....#####..P#♣.##...#####
#...## #..P##.P##...#..#
#...# #...##..##..##...
#♣..P #...##.##........


You could see a dire elephant (soul bound) and a dire elephant simulacrum.


Message History

😕 HP[-6]
You take 6 damage, and now have 137/181 hp.
The spectral anaconda's grasp on you weakens, but your attempt to escape fails.
The spectral anaconda bites you. The spectral anaconda constricts you.
The spectral anaconda barely misses you.
The spectral anaconda constricts you. The dire elephant tramples you!
You are held in place!
The dire elephant trunk-slaps you but does no damage. 😮 HP[-18]
You take 18 damage, and now have 119/181 hp.
You escape the spectral anaconda's grasp. 😮 HP[+1] 😮 HP[+1] 😮 HP[+2]
You regained 2 hp, and now have 123/181 hp.
The spectral anaconda completely misses you.
The spectral anaconda bites you.
The necromancer gestures wildly while chanting.
The necromancer binds the souls of nearby monsters. 😮 HP[-1]
You take 1 damage, and now have 122/181 hp.
The spectral anaconda misses you. x2 😮 HP[+1]
You closely miss the spectral anaconda.
The dire elephant's soul is no longer bound.
The spectral anaconda grabs you.
The spectral anaconda closely misses you.
The spectral anaconda constricts you.
The dire elephant tramples the withered plant!
The withered plant begins to crumble.
The dire elephant trunk-slaps the withered plant!
You lash the spectral anaconda!
The spectral anaconda bites you but does no damage.
The spectral anaconda constricts you. 😮 HP[+1]
You body-slam the spectral anaconda!!
You destroy the spectral anaconda!
The Council accepts your kill. 😮 HP[+1]
You now have 183 max hp (+2).
You crush the dire elephant!!! The dire elephant tramples you!!
You hold your ground!
The dire elephant trunk-slaps you! 😮 HP[-24]
You take 24 damage, and now have 101/183 hp.
You body-slam the dire elephant!!
You feel less exhausted.
The necromancer hits the withered plant with a +0 dagger. 😮 HP[+1]
You body-slam the dire elephant!!
The dire elephant barely misses you.
The dire elephant trunk-slaps you but does no damage.
The necromancer hits the withered plant with a +0 dagger! 😮 HP[+1]
You hit the dire elephant.
The withered plant crumbles away.
The dire elephant tramples you!
* * * LOW HITPOINT WARNING * * *
You hold your ground!
The dire elephant trunk-slaps you.
* * * LOW HITPOINT WARNING * * *
😨 HP[-20]
You take 20 damage, and now have 83/183 hp.
You body-slam the dire elephant!! 😨 HP[+1]
You hit the dire elephant but do no damage.
The dire elephant tramples you!!
* * * LOW HITPOINT WARNING * * *
You hold your ground!
The dire elephant trunk-slaps you but does no damage.
The necromancer gestures wildly while chanting.
The necromancer binds the souls of nearby monsters. 😨 HP[-34]
You take 34 damage, and now have 50/183 hp.
You crush the dire elephant!!!
You kill the dire elephant!
The Council accepts your kill.
A freezing mist starts to gather...
A dire elephant simulacrum comes into view.
Your life force feels restored. 😨 HP[+1]
You now have 184 max hp (+1).
You barely miss the necromancer. You grab the necromancer.
You constrict the necromancer. 😨 HP[+1]
You body-slam the necromancer!!
You constrict the necromancer.
The necromancer gestures at you while chanting.
You struggle to resist.
The dire elephant simulacrum tramples you but does no damage.
The dire elephant simulacrum trunk-slaps you but does no damage. 😨 HP[+1]
You lash the necromancer!
You kill the necromancer!
The Council accepts your kill. 😨 HP[+1]
You lash the dire elephant simulacrum!
The dire elephant simulacrum tramples you!
* * * LOW HITPOINT WARNING * * *
You hold your ground!
The dire elephant simulacrum trunk-slaps you.
* * * LOW HITPOINT WARNING * * *
The dire elephant simulacrum freezes you!!!
You feel yourself slow down.
You die...

Skill      XL: |  1  2  3  4  5  6  7  8  9 10 11 12 13 14 |
---------------+-------------------------------------------+-----
Fighting       | 1 2 3 4 5 6 7 9 10 12 13 | 13.9
Unarmed Combat | 4 5 6 8 9 11 13 14 15 16 | 16.5
Shapeshifting  | 4 5 7 9 10 | 10.7
Throwing       | 2 |  2.7
Dodging        | |  1.5

Action                     |  1- 3 |  4- 6 |  7- 9 | 10-12 | 13-15 || total
---------------------------+-------+-------+-------+-------+-------++-------
  Melee: Unarmed           |    80 |   113 |   348 |   608 |   505 ||  1654
         Punch             |       |     5 |     9 |    37 |    35 ||    86
         Constrict         |       |       |       |       |    15 ||    15
  Throw: Dart              |       |       |     4 |     5 |    17 ||    26
 Invoke: Serpent's Lash    |       |       |       |    14 |     5 ||    19
Ability: Lunge             |       |       |    55 |   104 |    61 ||   220
         Whirlwind         |       |       |     3 |    98 |    43 ||   144
         Wall Jump         |       |       |       |     1 |       ||     1
  Evoke: Wand              |       |       |       |     1 |       ||     1
    Use: Scroll            |       |       |    11 |     9 |     7 ||    27
         Potion            |       |       |       |     4 |     1 ||     5
   Stab: Sleeping          |       |       |     1 |       |     1 ||     2
         Distracted        |       |       |       |     1 |       ||     1
 Armour: Animal skin       |    80 |    86 |    32 |       |       ||   198
         Steam dragon scal |       |       |   124 |   333 |   236 ||   693
         Skin              |       |       |       |       |   103 ||   103
  Dodge: Dodged            |    49 |    48 |    97 |   171 |   196 ||   561
   Form: Anaconda          |       |       |       |       |     1 ||     1

Levels and vault maps discovered:
D:1:      minmay_arrival_hallway, layout_basic, minivault_24
D:2:      layout_loops_corners
D:3:      wad_crossroads, layout_basic, minivault_26, minmay_misc_feat_alley
D:4:      layout_loops_ring, nicolae_overflow_two_pavilions, uniq_natasha
D:5:      layout_basic, grunt_temple_overflow_holy_war, temple_fountains
D:6:      layout_layer_cave, mainiacjoe_overflow_catwalk, minmay_pentangle
D:7:      layout_rooms, nicolae_dithmenos_shadow_blocks,
          gup_ossuary_entry_pyramid, grunt_decor_resistance
D:8:      minmay_slanted_spiral_squares, layout_cave_pools, lemuel_tele_altar,
          serial_gnoll_camp, gnoll_camp_medium_02, gnoll_camp_mini_basic,
          gnoll_camp_mini_sergeant, gnoll_camp_mini_basic,
          chequers_serial_rivers_micro_e, kennysheep_generic_room_7
D:9:      layout_stronghold, mainiacjoe_overflow_paths, minivault_11,
          nicolae_concentric_dashed_squares_wild, uniq_pikel
D:10:     layout_irregular_city, nicolae_sif_muna_little_library,
          david_lair_shrubbed, minivault_16, dreamdust_gnoll_shepherd,
          uniq_fannar
Temple:   nicolae_temple_bog_church
Lair:1:   lemuel_slime, layout_gridlike, uniq_jeremiah, uniq_erica, uniq_amaemon
Lair:2:   kb_forest_paths, layout_regular_city, shoals_dummy_entry, basic_altar,
          portal_ice_cave_entry_imps
Lair:3:   layout_chaotic_city, beast_lair_carwin_1
Lair:4:   layout_loops_ring, special_room [special_room_bee]
Lair:5:   due_jungle_book, layout_long_grid, slime_entry_1,
          nicolae_lair_liquid_snakes

Notes
Turn   | Place    | Note
-------+----------+-------------------------------------------
     0 | D:1      | Skeral the Troll Shapeshifter began the quest for the Orb.
     0 | D:1      | Reached XP level 1. HP: 18/18 MP: 0/0
     0 | D:1      | magus.rc [v1.10.3]
    42 | D:1      | Reached skill level 1 in Fighting
    94 | D:1      | Reached XP level 2. HP: 27/27 MP: 1/1
   504 | D:1      | Reached XP level 3. HP: 35/35 MP: 2/2
   849 | D:2      | Reached skill level 2 in Fighting
  1173 | D:2      | Reached skill level 4 in Unarmed Combat
  1178 | D:2      | Reached XP level 4. HP: 31/44 MP: 3/3
  1473 | D:2      | Reached XP level 5. HP: 45/52 MP: 4/4
  1542 | D:2      | Reached skill level 3 in Fighting
  1965 | D:3      | Reached skill level 5 in Unarmed Combat
  2023 | D:3      | Noticed a black bear
  2029 | D:3      | Killed a black bear
  2030 | D:3      | Reached XP level 6. HP: 42/62 MP: 5/5
  2371 | D:4      | Found a shimmering altar of Xom.
  2371 | D:4      | Found a blossoming altar of Fedhas.
  2392 | D:4      | Noticed Natasha
  2396 | D:4      | Killed Natasha
  2397 | D:4      | Reached skill level 4 in Fighting
  2416 | D:4      | Noticed Natasha
  2420 | D:4      | Killed Natasha
  2535 | D:4      | Noticed Natasha
  2539 | D:4      | Killed Natasha
  2635 | D:4      | Reached skill level 6 in Unarmed Combat
  2645 | D:4      | Reached XP level 7. HP: 51/70 MP: 6/6
  2913 | D:4      | Identified the +0 leather armour "Piraz" {Str+3 Dex+3
                  | Stlth+}
  3134 | D:5      | Entered Level 5 of the Dungeon
  3213 | D:5      | Found a staircase to the Ecumenical Temple.
  3213 | D:5      | Noticed a steam dragon
  3219 | D:5      | HP: 12/71 [steam dragon/ball of steam (16)]
  3221 | D:5      | Killed a steam dragon
  3295 | Temple   | Entered the Ecumenical Temple
  3315 | Temple   | Became a worshipper of the Wu Jian Council
  3510 | D:5      | Reached skill level 5 in Fighting
  3638 | D:5      | Reached skill level 4 in Shapeshifting
  3638 | D:5      | Reached XP level 8. HP: 79/80 MP: 7/7
  3707 | D:5      | Reached skill level 7 in Unarmed Combat
  3851 | D:5      | Found a basalt altar of Yredelemnul.
  3853 | D:5      | Noticed a profane servitor
  3866 | D:5      | Found a glowing golden altar of the Shining One.
  3868 | D:5      | Noticed an angel
  4239 | D:6      | Found an ancient bone altar of Kikubaaqudgha.
  4322 | D:6      | You pick up a book of Alchemy and begin reading...
  4322 | D:6      | You add the spells Sublimation of Blood, Petrify and
                  | Irradiate to your library.
  4546 | D:6      | Identified the +5 chain mail of Autumn {Regen+ Str+5 Dex+4
                  | Slay-5}
  4820 | D:6      | Reached skill level 5 in Shapeshifting
  4829 | D:6      | Reached skill level 6 in Fighting
  4850 | D:6      | Reached skill level 8 in Unarmed Combat
  4875 | D:6      | Reached * piety under Wu Jian
  4914 | D:6      | Reached XP level 9. HP: 82/89 MP: 8/8
  4969 | D:6      | Noticed a troll
  4978 | D:6      | Killed a troll
  5050 | D:6      | You pick up a book of Callings and begin reading...
  5050 | D:6      | You add the spells Summon Small Mammal, Call Canine
                  | Familiar and Summon Guardian Golem to your library.
  5123 | D:6      | Reached skill level 6 in Shapeshifting
  5321 | D:6      | Upgraded the game from 0.31-a0-765-g67fe2935dc to
                  | 0.31-a0-771-g505c3d19dc
  5321 | D:6      | magus.rc [v1.10.3]
  5396 | D:7      | Found a shadowy altar of Dithmenos.
  5474 | D:7      | Reached skill level 7 in Fighting
  5563 | D:7      | Reached skill level 9 in Unarmed Combat
  5636 | D:7      | Found a sand-covered staircase.
  5639 | D:7      | Reached ** piety under Wu Jian
  5644 | Ossuary  | Entered an ossuary
  5813 | Ossuary  | Reached *** piety under Wu Jian
  5920 | Ossuary  | Noticed Menkaure
  5942 | Ossuary  | Killed Menkaure
  6306 | D:7      | Reached skill level 7 in Shapeshifting
  6368 | D:7      | magus.rc [v1.10.3]
  6391 | D:8      | Reached XP level 10. HP: 102/102 MP: 9/9
  6448 | D:8      | Reached **** piety under Wu Jian
  6556 | D:8      | You are cast into the Abyss!
  6556 | Abyss:2  | Cast into level 2 of the Abyss (gnoll sergeant)
  6559 | Abyss:2  | Found a corrupted altar of Lugonu.
  6605 | Abyss:2  | Found a corrupted altar of Lugonu.
  6606 | Abyss:2  | Noticed a large abomination
  6621 | Abyss:2  | Found a corrupted altar of Lugonu.
  6630 | Abyss:2  | Noticed a sixfirhy
  6632 | Abyss:2  | Noticed a green death
  6643 | Abyss:2  | Killed a green death
  6643 | Abyss:2  | HP: 22/104 [poison (poison gas)]
  6644 | Abyss:2  | Reached skill level 8 in Fighting
  6644 | Abyss:2  | Reached skill level 10 in Unarmed Combat
  6714 | Abyss:2  | Killed a sixfirhy
  6715 | Abyss:2  | Noticed a lich
  6716 | Abyss:2  | HP: 9/106 [lich/bolt of cold (43)]
  6723 | Abyss:2  | HP: 24/106 [lich (8)]
  6725 | Abyss:2  | Killed a lich
  6726 | Abyss:2  | Reached skill level 9 in Fighting
  6726 | Abyss:2  | Reached skill level 11 in Unarmed Combat
  6728 | D:8      | You pass through the gate.
  6728 | D:8      | Escaped the Abyss
  6929 | D:8      | Noticed a centaur warrior
  6944 | D:8      | Reached XP level 11. HP: 96/115 MP: 10/10
  6944 | D:8      | Noticed a tengu warrior
  6948 | D:8      | Noticed a cyan ugly thing
  6950 | D:8      | Killed a centaur warrior
  6952 | D:8      | Killed a tengu warrior
  6954 | D:8      | HP: 29/117 [cyan ugly thing (15)]
  6959 | D:8      | HP: 17/117 [unseen horror (2)]
  7284 | D:8      | Killed a cyan ugly thing
  7285 | D:8      | Reached skill level 12 in Unarmed Combat
  7320 | D:8      | Reached skill level 10 in Fighting
  7386 | D:8      | Found a hazy altar of Hepliaklqana.
  7741 | D:9      | Found a stormy altar of Qazlal.
  7872 | D:9      | Noticed Pikel
  7882 | D:9      | Killed Pikel
  7942 | D:9      | Reached ***** piety under Wu Jian
  8376 | D:9      | Noticed a two-headed ogre
  8384 | D:9      | Killed a two-headed ogre
  8618 | D:10     | Entered Level 10 of the Dungeon
  8761 | D:10     | Reached skill level 1 in Throwing
  8785 | D:10     | Noticed Fannar
  8792 | D:10     | Killed Fannar
  8793 | D:10     | Reached skill level 13 in Unarmed Combat
  8839 | D:10     | Found a shimmering blue altar of Sif Muna.
  8902 | D:10     | Noticed an orange crystal statue
  9000 | D:10     | Found a staircase to the Orcish Mines.
  9036 | D:10     | Found a staircase to the Lair.
  9051 | D:10     | Reached skill level 2 in Throwing
  9175 | D:10     | Noticed a two-headed ogre
  9179 | D:10     | Killed a two-headed ogre
  9307 | Lair:1   | Entered Level 1 of the Lair of Beasts
  9331 | Lair:1   | Reached XP level 12. HP: 128/128 MP: 11/11
  9338 | Lair:1   | Reached skill level 11 in Fighting
  9447 | Lair:1   | Noticed Jeremiah
  9466 | Lair:1   | Killed Jeremiah
  9914 | Lair:1   | Noticed Amaemon
  9930 | Lair:1   | Killed Amaemon
 10046 | Lair:1   | Noticed Erica
 10055 | Lair:1   | Killed Erica
 10230 | Lair:2   | Reached skill level 8 in Shapeshifting
 10334 | Lair:2   | Found a bloodstained altar of Trog.
 10377 | Lair:2   | Found a frozen archway.
 10460 | Lair:2   | Found a staircase to the Shoals.
 10490 | IceCv    | Entered an ice cave
 10763 | IceCv    | Reached skill level 14 in Unarmed Combat
 10880 | IceCv    | You pick up a book of Alchemy and begin reading...
 10910 | IceCv    | Noticed a white draconian
 11065 | IceCv    | Killed a white draconian
 11117 | IceCv    | Identified the ring "Nasuink" {rElec Int+6 Slay+2}
 11290 | Lair:2   | Found a staircase to the Snake Pit.
 11489 | Lair:2   | Reached skill level 12 in Fighting
 11702 | Lair:2   | Reached skill level 9 in Shapeshifting
 11702 | Lair:2   | Reached XP level 13. HP: 139/140 MP: 12/12
 12577 | Lair:4   | Reached ****** piety under Wu Jian
 12743 | Lair:4   | Reached skill level 15 in Unarmed Combat
 12897 | Lair:3   | HP: 35/141 [killer bee (6)]
 13103 | Lair:4   | Reached skill level 10 in Shapeshifting
 13449 | Lair:4   | Reached skill level 13 in Fighting
 13683 | Lair:5   | Entered Level 5 of the Lair of Beasts
 13800 | Lair:5   | Found a staircase to the Slime Pits.
 13800 | Lair:5   | Found a viscous altar of Jiyva.
 14010 | Lair:5   | Reached XP level 14. HP: 128/153 MP: 13/13
 14143 | Lair:5   | Reached skill level 16 in Unarmed Combat
 14459 | Lair:5   | You pick up a book of Debilitation and begin reading...
 14459 | Lair:5   | You add the spells Slow, Sigil of Binding, Vampiric
                  | Draining and Confusing Touch to your library.
 15236 | Lair:5   | HP: 45/184 [dire elephant simulacrum[a necromancer] (10)]
 15236 | Lair:5   | Slain by a dire elephant simulacrum

Vanquished Creatures
  A lich (Abyss:2)
  2 dire elephants (Lair:5)
  A white draconian (IceCv)
  A green death (Abyss:2)
  Fannar (D:10)
  A hydra (Lair:5)
  Erica (Lair:1)
  A centaur warrior (D:8)
  2 two-headed ogres
  A tengu warrior (D:8)
  A death yak (Lair:5)
  Amaemon (Lair:1)
  3 skysharks
  A sixfirhy (Abyss:2)
  A spectral anaconda (Lair:5)
  A spectral death yak (Lair:5)
  Pikel (D:9)
  2 necromancers (Lair:5)
  A lindwurm (Lair:5)
  An oklob plant (Lair:4)
  An ugly thing (D:8)
  19 elephants
  14 cane toads
  3 torpor snails
  3 black mambas
  2 ice statues (IceCv)
  An orange demon (Lair:1)
  2 unseen horrors (D:8)
  Jeremiah (Lair:1)
  10 rime drakes
  13 komodo dragons
  3 meliai (Lair:4)
  A queen bee (Lair:4)
  3 polar bears
  A troll (D:6)
  A hornet (Lair:2)
  10 blink frogs (Lair:4)
  A slime creature (Lair:1)
  5 spriggans (Lair:2)
  A wraith (D:9)
  2 wyverns
  48 yaks
  5 steam dragons
  A death yak simulacrum (Lair:5)
  2 basilisks (Lair:2)
  Menkaure (Ossuary)
  17 water moccasins
  A spectral cane toad (Lair:5)
  A sky beast (D:6)
  An elephant zombie (Lair:5)
  5 orc warriors
  4 ice beasts (D:6)
  4 black bears
  2 ogres
  A lemure (D:9)
  7 wolves
  3 elephant skeletons (Lair:5)
  A phantom (D:5)
  3 kobold brigands
  15 bullfrogs
  5 gnoll sergeants
  4 scorpions (D:5)
  7 wights (D:8)
  26 killer bees
  3 lindwurm simulacra (IceCv)
  8 howler monkeys
  12 jellies
  3 electric eels (Lair:5)
  5 komodo dragon simulacra (IceCv)
  10 hounds
  4 lava snakes (Lair:5)
  3 orc priests
  4 gnoll boudas
  Natasha (thrice) (D:4)
  7 hell rats
  4 iguanas
  11 orc wizards
  4 mummies
  8 acid dragon simulacra (IceCv)
  6 adders
  38 gnolls
  A shadow imp (D:6)
  16 white imps
  An ufetubus (D:5)
  5 steam dragon simulacra (IceCv)
  3 worms (D:2)
  2 dart slugs
  29 orcs
  22 endoplasms
  2 giant cockroaches
  2 gnoll zombies (Ossuary)
  5 hobgoblins
  12 jackals
  25 kobolds
  2 quokkas (D:3)
  5 ball pythons
  8 bats
  4 frilled lizards
  3 gnoll skeletons (Ossuary)
  2 goblins
  4 goblin skeletons (Ossuary)
  5 goblin zombies (Ossuary)
  4 hobgoblin skeletons (Ossuary)
  4 hobgoblin zombies (Ossuary)
  3 kobold skeletons (Ossuary)
  4 kobold zombies (Ossuary)
  4 orc skeletons (Ossuary)
  6 orc zombies (Ossuary)
  3 rats
  7 rat skeletons (Ossuary)
  4 rat zombies (Ossuary)
616 creatures vanquished.

Vanquished Creatures (collateral kills)
  A killer bee (D:10)
1 creature vanquished.

Vanquished Creatures (others)
  A killer bee (D:10)
  A shadow imp (D:8)
2 creatures vanquished.

Grand Total: 619 creatures vanquished

Table legend:
 A = Non-vault XP
 B = Vault XP
 C = Vault XP percentage of total XP
 D = Non-vault monster count
 E = Vault monster count
 F = Vault count percentage of total count
                 A         B        C        D         E       F
            +---------+---------+-------+---------+---------+-------
      Total |   51776 |   31881 |  38.1 |     357 |     259 |  42.0
            +---------+---------+-------+---------+---------+-------
        D:1 |      42 |       0 |   0.0 |      24 |       0 |   0.0
        D:2 |     185 |       0 |   0.0 |      25 |       0 |   0.0
        D:3 |     189 |     131 |  40.9 |      24 |       4 |  14.3
        D:4 |     320 |      37 |  10.4 |      25 |       1 |   3.8
        D:5 |     846 |       0 |   0.0 |      15 |       0 |   0.0
        D:6 |    1257 |     843 |  40.1 |      16 |      12 |  42.9
        D:7 |    1095 |      18 |   1.6 |      24 |       1 |   4.0
        D:8 |    1351 |    4982 |  78.7 |      28 |      45 |  61.6
        D:9 |    2673 |     663 |  19.9 |      20 |       1 |   4.8
       D:10 |    1496 |    1880 |  55.7 |      16 |       6 |  27.3
     Lair:1 |    4375 |    3069 |  41.2 |      21 |      27 |  56.2
     Lair:2 |    1704 |    3911 |  69.7 |       9 |      25 |  73.5
     Lair:3 |    2921 |    2624 |  47.3 |      12 |      11 |  47.8
     Lair:4 |   12256 |    2346 |  16.1 |      44 |      22 |  33.3
     Lair:5 |   17545 |    7330 |  29.5 |      51 |      22 |  30.1
    Abyss:2 |    3521 |       0 |   0.0 |       3 |       0 |   0.0
    Ossuary |       0 |     272 | 100.0 |       0 |      54 | 100.0
      IceCv |       0 |    3775 | 100.0 |       0 |      28 | 100.0
            +---------+---------+-------+---------+---------+-------

Skill      XL: |  1  2  3  4  5  6  7  8  9 10 11 12 13 14 |
---------------+-------------------------------------------+-----
Fighting       | 1 2 3 4 5 6 7 9 10 12 13 | 13.9
Unarmed Combat | 4 5 6 8 9 11 13 14 15 16 | 16.5
Shapeshifting  | 4 5 7 9 10 | 10.7
Throwing       | 2 |  2.7
Dodging        | |  1.5

Action                     |  1- 3 |  4- 6 |  7- 9 | 10-12 | 13-15 || total
---------------------------+-------+-------+-------+-------+-------++-------
  Melee: Unarmed           |    80 |   113 |   348 |   608 |   505 ||  1654
         Punch             |       |     5 |     9 |    37 |    35 ||    86
         Constrict         |       |       |       |       |    15 ||    15
  Throw: Dart              |       |       |     4 |     5 |    17 ||    26
 Invoke: Serpent's Lash    |       |       |       |    14 |     5 ||    19
Ability: Lunge             |       |       |    55 |   104 |    61 ||   220
         Whirlwind         |       |       |     3 |    98 |    43 ||   144
         Wall Jump         |       |       |       |     1 |       ||     1
  Evoke: Wand              |       |       |       |     1 |       ||     1
    Use: Scroll            |       |       |    11 |     9 |     7 ||    27
         Potion            |       |       |       |     4 |     1 ||     5
   Stab: Sleeping          |       |       |     1 |       |     1 ||     2
         Distracted        |       |       |       |     1 |       ||     1
 Armour: Animal skin       |    80 |    86 |    32 |       |       ||   198
         Steam dragon scal |       |       |   124 |   333 |   236 ||   693
         Skin              |       |       |       |       |   103 ||   103
  Dodge: Dodged            |    49 |    48 |    97 |   171 |   196 ||   561
   Form: Anaconda          |       |       |       |       |     1 ||     1

Illustrated notes

Table legend:
 A = Kills in this place as a percentage of kills in the entire game.
 B = Kills by you in this place as a percentage of kills by you in the entire game.
 C = Kills by friends in this place as a percentage of kills by friends in the entire game.
 D = Other kills in this place as a percentage of other kills in the entire game.
 E = Experience gained in this place as a percentage of experience gained in the entire game.
 F = Experience gained in this place divided by the number of levels of this place that you have seen.
                   A       B       C       D       E      F
               +-------+-------+-------+-------+-------+----------------------
         Total | 100.0 | 100.0 | 100.0 |   N/A | 100.0 | 4403.0
       Dungeon |  46.6 |  46.5 | 100.0 |   N/A |  21.5 | 1800.8
          Lair |  39.6 |  39.7 |   0.0 |   N/A |  69.4 | 11616.2
         Abyss |   0.5 |   0.5 |   0.0 |   N/A |   4.2 | 3521.0
       Ossuary |   8.8 |   8.8 |   0.0 |   N/A |   0.3 | 272.0
      Ice Cave |   4.5 |   4.6 |   0.0 |   N/A |   4.5 | 3775.0
               +-------+-------+-------+-------+-------+----------------------

Table legend: (Time is in decaauts)
 A = Elapsed time spent in this place.
 B = Non-inter-level travel time spent in this place.
 C = Inter-level travel time spent in this place.
 D = Time resting spent in this place.
 E = Time spent auto-exploring this place.
 F = Levels seen in this place.
 G = Mean time per level.
                   A        B        C        D        E       F      G
               +--------+--------+--------+--------+--------+-----+--------+
         Total |  15010 |  14273 |    737 |   1815 |   4936 |  19 |  790.0 |
       Dungeon |   8643 |   8176 |    467 |    569 |   4769 |  10 |  864.3 |
        Temple |     38 |     21 |     17 |      0 |      0 |   1 |   38.0 |
          Lair |   5113 |   4860 |    253 |   1037 |    167 |   5 | 1022.6 |
         Abyss |    169 |    169 |      0 |     78 |      0 |   1 |  169.0 |
       Ossuary |    354 |    354 |      0 |      0 |      0 |   1 |  354.0 |
      Ice Cave |    690 |    690 |      0 |    131 |      0 |   1 |  690.0 |
               +--------+--------+--------+--------+--------+-----+--------+

Top non-repeatable levels by time:
  Lair:5: 1300 daAuts
  Lair:4: 1248 daAuts
     D:6: 1081 daAuts
     D:5: 1049 daAuts
  Lair:2: 1031 daAuts
     D:8: 991 daAuts
     D:2: 955 daAuts
     D:9: 873 daAuts
     D:7: 858 daAuts
  Lair:1: 855 daAuts
     D:4: 766 daAuts
     D:1: 722 daAuts
   IceCv: 690 daAuts
  Lair:3: 677 daAuts
    D:10: 676 daAuts
